PR
WINTER HAVEN SUN SOX @ OGALLALA OCTOPI
09/04/2033
 
TOP OF THE 1ST
Winter Haven Sun Sox batting - Pitching for Ogallala Octopi : LHP Venceslau Martelo
Pitching: LHP Venceslau Martelo
Batting: SHB Vincent Griffin 0-0: Called Strike
0-1: Swinging Strike
0-2: SINGLE (Line Drive, 78M)
Batting: RHB José Álvarez 0-0: Ball
1-0: Foul Ball, location: 2F
1-1: Grounds into double play, 4-6-3 (Groundball, 4)
Batting: RHB Paul Bader 0-0: Called Strike
0-1: Foul Ball, location: 2F
0-2: Foul Ball, location: 2F
0-2: Ball
1-2: Foul Ball, location: 2F
1-2: SINGLE (Flyball, 78S)
Batting: RHB Jon Huband 0-0: Called Strike
0-1: Ball
1-1: Called Strike
1-2: TRIPLE (Line Drive, 8LXD)
Paul Bader scores
Batting: SHB Rich McElroy 0-0: Foul Ball, location: 2F
0-1: Swinging Strike
0-2: Foul Ball, location: 2F
0-2: Ball
1-2: Ball
2-2: Strikes out swinging
Top of the 1st over - 1 run, 3 hits, 0 errors, 1 left on base; Winter Haven 1 - Ogallala 0
BOTTOM OF THE 1ST
Ogallala Octopi batting - Pitching for Winter Haven Sun Sox : LHP Gao Mar
Pitching: LHP Gao Mar
Batting: SHB Milojica Kordic 0-0: Ball
1-0: Ball
2-0: SINGLE (Groundball, 6MD)
Batting: RHB Lenny Minto 0-0: Swinging Strike
0-1: Foul Ball, location: 2F
0-2: Ground out 3-1 (Groundball, 34S)
Milojica Kordic to second
Batting: RHB Carlos Martínez 0-0: Called Strike
0-1: Ball
1-1: Foul Ball, location: 2F
1-2: Strikes out swinging
Batting: RHB Phil van Oosterom 0-0: Foul Ball, location: 2F
0-1: Ground out 6-3 (Groundball, 6)
Bottom of the 1st over - 0 runs, 1 hit, 0 errors, 1 left on base; Winter Haven 1 - Ogallala 0
TOP OF THE 2ND
Winter Haven Sun Sox batting - Pitching for Ogallala Octopi : LHP Venceslau Martelo
Batting: RHB Júlio Hernández 0-0: Called Strike
0-1: Called Strike
0-2: Strikes out swinging
Batting: RHB Tom Camden 0-0: Foul Ball, location: 2F
0-1: Called Strike
0-2: Ball
1-2: TRIPLE (Flyball, 78D)
Batting: RHB Yu-bao Wie 0-0: Ball
1-0: Ball
2-0: Called Strike
2-1: Foul Ball, location: 2F
2-2: Ground out 6-3 (Groundball, 6)
Tom Camden scores
Batting: RHB Ernest Franks 0-0: Called Strike
0-1: Foul Ball, location: 2F
0-2: Strikes out swinging
Top of the 2nd over - 1 run, 1 hit, 0 errors, 0 left on base; Winter Haven 2 - Ogallala 0
BOTTOM OF THE 2ND
Ogallala Octopi batting - Pitching for Winter Haven Sun Sox : LHP Gao Mar
Batting: RHB Sehinsah Al-Fanari 0-0: Fly out, F9 (Flyball, 9S)
Batting: RHB Román Chávez 0-0: Swinging Strike
0-1: Fly out, F8 (Flyball, 89S)
Batting: RHB Alejandro Cantú 0-0: Swinging Strike
0-1: Fly out, F2 (Popup, 2RF)
Bottom of the 2nd over - 0 runs, 0 hits, 0 errors, 0 left on base; Winter Haven 2 - Ogallala 0
TOP OF THE 3RD
Winter Haven Sun Sox batting - Pitching for Ogallala Octopi : LHP Venceslau Martelo
Batting: SHB Vincent Griffin 0-0: Ground out 4-3 (Groundball, 4)
Batting: RHB José Álvarez 0-0: Called Strike
0-1: Called Strike
0-2: Ball
1-2: Strikes out looking
Batting: RHB Paul Bader 0-0: Ball
1-0: Foul Ball, location: 2F
1-1: Ball
2-1: Ball
3-1: Swinging Strike
3-2: Foul Ball, location: 2F
3-2: Strikes out swinging
Top of the 3rd over - 0 runs, 0 hits, 0 errors, 0 left on base; Winter Haven 2 - Ogallala 0
BOTTOM OF THE 3RD
Ogallala Octopi batting - Pitching for Winter Haven Sun Sox : LHP Gao Mar
Batting: RHB Ricardo Torres 0-0: Ball
1-0: Ground out 6-3 (Groundball, 6M)
Batting: RHB Mike Moss 0-0: Ball
1-0: Ball
2-0: Foul Ball, location: 2F
2-1: Foul Ball, location: 2F
2-2: Ball
3-2: Strikes out swinging
Batting: SHB Milojica Kordic 0-0: Called Strike
0-1: Swinging Strike
0-2: Foul Ball, location: 2F
0-2: Strikes out swinging
Bottom of the 3rd over - 0 runs, 0 hits, 0 errors, 0 left on base; Winter Haven 2 - Ogallala 0
TOP OF THE 4TH
Winter Haven Sun Sox batting - Pitching for Ogallala Octopi : LHP Venceslau Martelo
Batting: RHB Jon Huband 0-0: Swinging Strike
0-1: Reached on error, E6 (Groundball, 6S)
Batting: SHB Rich McElroy 0-0: Ball
1-0: Ball
2-0: Ground out 6-3 (Groundball, 6S)
Jon Huband to second
Batting: RHB Júlio Hernández 0-0: Called Strike
0-1: Ball
1-1: Foul Ball, location: 2F
1-2: Foul Ball, location: 2F
1-2: Ball
2-2: Foul Ball, location: 2F
2-2: Ball
3-2: Fly out, F8 (Flyball, 8LM)
Batting: RHB Tom Camden 0-0: Ball
1-0: Foul Ball, location: 2F
1-1: Ball
2-1: SINGLE (Flyball, 7S)
Jon Huband to third
Runner from 3rd tries for Home, SAFE, throw made home
Batting: RHB Yu-bao Wie 0-0: Ball
1-0: Called Strike
1-1: Swinging Strike
1-2: Strikes out swinging
Top of the 4th over - 1 run, 1 hit, 1 error, 1 left on base; Winter Haven 3 - Ogallala 0
BOTTOM OF THE 4TH
Ogallala Octopi batting - Pitching for Winter Haven Sun Sox : LHP Gao Mar
Batting: RHB Lenny Minto 0-0: Called Strike
0-1: Foul Ball, location: 2F
0-2: Foul Ball, location: 2F
0-2: Foul Ball, location: 2F
0-2: Ball
1-2: SINGLE (Line Drive, 6)
Batting: RHB Carlos Martínez 0-0: Ball
1-0: Ball
2-0: Fielders Choice at 2nd, 4-6 (Groundball, 4)
Batting: RHB Phil van Oosterom 0-0: Ball
1-0: Foul Ball, location: 2F
1-1: Called Strike
1-2: Foul Ball, location: 2F
1-2: SINGLE (Line Drive, 8LS)
Carlos Martínez to second
Batting: RHB Sehinsah Al-Fanari 0-0: Ball
1-0: Fielders Choice at 2nd, 3-6 (Groundball, 34)
Carlos Martínez to third
Batting: RHB Román Chávez 0-0: Ball
1-0: Ball
2-0: Called Strike
2-1: Hit by Pitch
Sehinsah Al-Fanari to second
Batting: RHB Alejandro Cantú 0-0: Ball
1-0: Ball
2-0: Called Strike
2-1: Swinging Strike
2-2: Fly out, F5 (Line Drive, 5)
Bottom of the 4th over - 0 runs, 2 hits, 0 errors, 3 left on base; Winter Haven 3 - Ogallala 0
TOP OF THE 5TH
Winter Haven Sun Sox batting - Pitching for Ogallala Octopi : LHP Venceslau Martelo
Batting: RHB Ernest Franks 0-0: Ball
1-0: Called Strike
1-1: Called Strike
1-2: Strikes out swinging
Batting: SHB Vincent Griffin 0-0: Called Strike
0-1: DOUBLE (Flyball, 8LXD)
Batting: RHB José Álvarez 0-0: Ball
1-0: Ground out 5-3 (Groundball, 56)
Batting: RHB Paul Bader 0-0: Ball
1-0: Swinging Strike
1-1: Foul Ball, location: 2F
1-2: Ball
2-2: Ground out U3 (Groundball, 3)
Top of the 5th over - 0 runs, 1 hit, 0 errors, 1 left on base; Winter Haven 3 - Ogallala 0
BOTTOM OF THE 5TH
Ogallala Octopi batting - Pitching for Winter Haven Sun Sox : LHP Gao Mar
Batting: RHB Ricardo Torres 0-0: Called Strike
0-1: Ball
1-1: Ball
2-1: Ball
3-1: Ground out U3 (Groundball, 34S)
Batting: RHB Mike Moss 0-0: Ground out 5-3 (Groundball, 56S)
Batting: SHB Milojica Kordic 0-0: Ball
1-0: SINGLE (Groundball, 56D)
Batting: RHB Lenny Minto 0-0: Ball
1-0: SINGLE (Flyball, 89S)
Milojica Kordic to second
Runner from 2nd tries for 3rd, SAFE, no throw
Batting: RHB Carlos Martínez 0-0: Ball
1-0: Called Strike
1-1: Fielders Choice at 2nd, 6-4 (Groundball, 6)
Bottom of the 5th over - 0 runs, 2 hits, 0 errors, 2 left on base; Winter Haven 3 - Ogallala 0
TOP OF THE 6TH
Winter Haven Sun Sox batting - Pitching for Ogallala Octopi : LHP Venceslau Martelo
Batting: RHB Jon Huband 0-0: Ball
1-0: Foul Ball, location: 2F
1-1: Ball
2-1: Foul Ball, location: 2F
2-2: DOUBLE (Line Drive, 9LM)
Batting: SHB Rich McElroy 0-0: Ground out 1-3 (Groundball, 13)
Jon Huband to third
Batting: RHB Júlio Hernández 0-0: Foul Ball, location: 2F
0-1: Ball
Steal of home, Jon Huband is safe
1-1: Called Strike
1-2: Strikes out swinging
Batting: RHB Tom Camden 0-0: Called Strike
0-1: Fly out, F6 (Popup, 6MD)
Top of the 6th over - 1 run, 1 hit, 0 errors, 0 left on base; Winter Haven 4 - Ogallala 0
BOTTOM OF THE 6TH
Ogallala Octopi batting - Pitching for Winter Haven Sun Sox : LHP Gao Mar
Batting: RHB Phil van Oosterom 0-0: Called Strike
0-1: Called Strike
0-2: Ball
1-2: Strikes out looking
Batting: RHB Sehinsah Al-Fanari 0-0: Fly out, F9 (Flyball, 9)
Batting: RHB Román Chávez 0-0: Foul Ball, location: 2F
0-1: Ground out 5-3 (Groundball, 56S)
Bottom of the 6th over - 0 runs, 0 hits, 0 errors, 0 left on base; Winter Haven 4 - Ogallala 0
TOP OF THE 7TH
Winter Haven Sun Sox batting - Pitching for Ogallala Octopi : LHP Venceslau Martelo
Batting: RHB Yu-bao Wie 0-0: Ball
1-0: Foul Ball, location: 2F
1-1: Foul Ball, location: 2F
1-2: SINGLE (Popup, 6D)
Batting: RHB Ernest Franks 0-0: Sac Bunt - play at first, batter OUT! 1-3
Yu-bao Wie to second
Pitching: RHP Koswara Setiadji
Batting: SHB Vincent Griffin 0-0: Ball
1-0: Ball
2-0: DOUBLE (Line Drive, 78D)
Yu-bao Wie scores
Batting: RHB José Álvarez 0-0: Called Strike
0-1: Ball
1-1: Foul Ball, location: 2F
1-2: Fly out, F4 (Line Drive, 4)
Batting: RHB Paul Bader 0-0: Called Strike
0-1: Ball
1-1: Foul Ball, location: 2F
1-2: Ball
2-2: DOUBLE (Line Drive, 5D)
Vincent Griffin scores
Batting: RHB Jon Huband 0-0: Ball
1-0: Ball
2-0: Swinging Strike
2-1: Ball
3-1: Called Strike
3-2: Fly out, F9 (Flyball, 9S)
Top of the 7th over - 2 runs, 3 hits, 0 errors, 1 left on base; Winter Haven 6 - Ogallala 0
BOTTOM OF THE 7TH
Ogallala Octopi batting - Pitching for Winter Haven Sun Sox : LHP Gao Mar
Batting: RHB Alejandro Cantú 0-0: Called Strike
0-1: Ball
1-1: Ball
2-1: Ground out 1-3 (Groundball, 15)
Batting: RHB Ricardo Torres 0-0: Called Strike
0-1: Ground out U3 (Groundball, 23)
Batting: RHB Mike Moss 0-0: Foul Ball, location: 2F
0-1: Ball
1-1: Called Strike
1-2: Ball
2-2: Strikes out swinging, 2-3 out at first.
Bottom of the 7th over - 0 runs, 0 hits, 0 errors, 0 left on base; Winter Haven 6 - Ogallala 0
TOP OF THE 8TH
Winter Haven Sun Sox batting - Pitching for Ogallala Octopi : RHP Koswara Setiadji
Batting: SHB Rich McElroy 0-0: Ball
1-0: Foul Ball, location: 2F
1-1: SINGLE (Flyball, 8LS)
Batting: RHB Júlio Hernández 0-0: Ball
1-0: Called Strike
Rich McElroy steals 2nd base
1-1: Ground out 4-3 (Groundball, 4MD)
Rich McElroy to third
Batting: RHB Tom Camden 0-0: Ball
1-0: Foul Ball, location: 2F
1-1: Ball
2-1: Ball
3-1: Base on Balls
Batting: RHB Yu-bao Wie 0-0: SINGLE (Groundball, 6D)
Rich McElroy scores
Tom Camden to second
Batting: RHB Ernest Franks 0-0: Called Strike
0-1: Fly out, F8 (Flyball, 78D)
Batting: SHB Vincent Griffin 0-0: Foul Ball, location: 2F
0-1: Ball
1-1: Foul Ball, location: 2F
1-2: Strikes out looking
Top of the 8th over - 1 run, 2 hits, 0 errors, 2 left on base; Winter Haven 7 - Ogallala 0
BOTTOM OF THE 8TH
Ogallala Octopi batting - Pitching for Winter Haven Sun Sox : LHP Gao Mar
Now at C: Stuart Janssen
Batting: SHB Milojica Kordic 0-0: Called Strike
0-1: Ball
1-1: Ball
2-1: Ball
3-1: Ground out 3-1 (Groundball, 34)
Batting: RHB Lenny Minto 0-0: Ball
1-0: Ball
2-0: Called Strike
2-1: Foul Ball, location: 2F
2-2: Foul Ball, location: 2F
2-2: Strikes out swinging
Batting: RHB Carlos Martínez 0-0: DOUBLE (Line Drive, 8LD)
Batting: RHB Phil van Oosterom 0-0: Ball
1-0: Foul Ball, location: 2F
1-1: Foul Ball, location: 2F
1-2: Reached on error, E6 (Popup, 6M)
Carlos Martínez to third
Batting: RHB Sehinsah Al-Fanari 0-0: Swinging Strike
0-1: Foul Ball, location: 2F
0-2: Ball
1-2: Foul Ball, location: 2F
1-2: Ball
2-2: Foul Ball, location: 2F
2-2: Foul Ball, location: 2F
2-2: SINGLE (Groundball, 6MD)
Carlos Martínez scores
Phil van Oosterom to second
Batting: RHB Román Chávez 0-0: Ball
1-0: Foul Ball, location: 2F
1-1: Ball
2-1: SINGLE (Groundball, 6D)
Phil van Oosterom to third
Sehinsah Al-Fanari to second
Runner from 3rd tries for Home, SAFE, no throw
Batting: RHB Alejandro Cantú 0-0: Called Strike
0-1: Foul Ball, location: 2F
0-2: Strikes out swinging
Bottom of the 8th over - 2 runs, 3 hits, 1 error, 2 left on base; Winter Haven 7 - Ogallala 2
TOP OF THE 9TH
Winter Haven Sun Sox batting - Pitching for Ogallala Octopi : RHP Koswara Setiadji
Batting: RHB José Álvarez 0-0: Called Strike
0-1: Swinging Strike
0-2: Ball
1-2: Ball
2-2: Fly out, F6 (Flyball, 6MD)
Batting: RHB Paul Bader 0-0: Called Strike
0-1: Foul Ball, location: 2F
0-2: Strikes out swinging
Batting: RHB Jon Huband 0-0: Called Strike
0-1: Ball
1-1: Ball
2-1: Foul Ball, location: 2F
2-2: Foul Ball, location: 2F
2-2: Ground out 5-3 (Groundball, 56)
Top of the 9th over - 0 runs, 0 hits, 0 errors, 0 left on base; Winter Haven 7 - Ogallala 2
BOTTOM OF THE 9TH
Ogallala Octopi batting - Pitching for Winter Haven Sun Sox : LHP Gao Mar
Now at 1B: Ju-wei Huang
Now at SS: Ronaldo Gentil
Batting: RHB Ricardo Torres 0-0: Foul Ball, location: 2F
0-1: Foul Ball, location: 2F
0-2: Ball
1-2: Foul Ball, location: 2F
1-2: Ball
2-2: Foul Ball, location: 2F
2-2: Foul Ball, location: 2F
2-2: Strikes out looking
Batting: RHB Mike Moss 0-0: Ball
1-0: Foul Ball, location: 2F
1-1: Ball
2-1: Foul Ball, location: 2F
2-2: Ball
3-2: Strikes out swinging
Batting: SHB Milojica Kordic 0-0: Called Strike
0-1: Fly out, F3 (Popup, 23F)
Bottom of the 9th over - 0 runs, 0 hits, 0 errors, 0 left on base; Winter Haven 7 - Ogallala 2
Saturday, December 22nd, 2018 - OOTP Baseball 18.8 Build 76